 Dungeon Crawl Stone Soup version 0.31-a0-237-g2d982f9f85 (webtiles) character file.

Game seed: 2577462851415641977

2056 rabbitsville the Arsonist (level 9, -14/71 HPs)
             Began as a Hill Orc Fire Elementalist on July 12, 2023.
             Was a Follower of Sif Muna.
             Demolished by a two-headed ogre
             ... wielding a +0 dire flail
              (28 damage)
             ... on level 7 of the Dungeon.
             The game lasted 00:14:09 (7797 turns).

rabbitsville the Arsonist (HOFE)                    Turns: 7797, Time: 00:14:09

Health: -14/71     AC:  5    Str: 11    XL:     9   Next: 25%
Magic:  9/11       EV: 12    Int: 19    God:    Sif Muna [*.....]
Gold:   492        SH:  5    Dex: 14    Spells: 8/11 levels left

rFire   + + .        F - +2 flail (drain)
rCold   + . .        (no shield)
rNeg    . . .        G - +1 robe of the Flute {Dex+3}
rPois   .            (no helmet)
rElec   .            y - scarf {rC+ rF+}
rCorr   .            (no gloves)
SInv    +            h - +1 pair of boots {Fly}
Will    .....        I - amulet of reflection
Stlth   ++           C - ring of protection from fire
HPRegen 0.31/turn    p - ring of see invisible
MPRegen 0.12/turn

%: reflection
@: flying
A: no striking features
a: Renounce Religion, Channel Magic


You were on level 7 of the Dungeon.
You worshipped Sif Muna.
Sif Muna was aware of your devotion.
You visited 2 branches of the dungeon, and saw 8 of its levels.

You collected 492 gold pieces.

Inventory:

Hand Weapons
 c - a +1 short sword of speed
 F - a +2 flail of draining (weapon)
Missiles
 H - 4 javelins
Armour
 a - a +0 robe
 h - a +1 pair of boots of flying (worn)
 y - a scarf of resistance (worn)
 G - the +1 robe of the Flute (worn) {Dex+3}
   (You found it on level 5 of the Dungeon)

   Dex:       It affects your dexterity (+3).
Jewellery
 k - a ring of flight
 m - an amulet of guardian spirit
 p - a ring of see invisible (right hand)
 C - a ring of protection from fire (left hand)
 I - an amulet of reflection (around neck)
 J - a ring of magical power
Wands
 z - a wand of iceblast (7)
 B - a wand of digging (6)
 M - a wand of flame (26)
Scrolls
 d - 7 scrolls of identify {unknown}
 j - a scroll of amnesia {unknown}
 o - a scroll of butterflies {unknown}
 q - 3 scrolls of teleportation {unknown}
 s - a scroll of immolation
 t - a scroll of torment {unknown}
 u - 3 scrolls of blinking {unknown}
 v - 2 scrolls of revelation {unknown}
 w - 3 scrolls of poison {unknown}
 D - a scroll of brand weapon {unknown}
 E - 2 scrolls of fog {unknown}
 K - a scroll of fear {unknown}
Potions
 e - a potion of enlightenment {unknown}
 f - 2 potions of ambrosia {unknown}
 g - a potion of resistance {unknown}
 i - 3 potions of brilliance {unknown}
 l - a potion of attraction {unknown}
 n - 3 potions of berserk rage {unknown}
 r - 2 potions of curing {unknown}
 x - 2 potions of might {unknown}
 A - a potion of invisibility {unknown}
 L - a potion of heal wounds {unknown}
 N - a potion of lignification {unknown}


   Skills:
 - Level 4.2 Fighting
 - Level 1.5 Dodging
 - Level 1.5 Stealth
 - Level 1.5 Spellcasting
 + Level 5.7 Conjurations
 * Level 11.1 Fire Magic


You had 8 spell levels left.
You knew the following spells:

 Your Spells              Type           Power      Damage    Failure   Level
a - Foxfire               Conj/Fire      100%       2x1d9     1%          1
b - Scorch                Fire           86%        2d8       1%          2

Your spell library contained the following spells:

 Spells                   Type           Power      Damage    Failure   Level
 Inner Flame              Hex/Fire       22%        N/A       5%          3
 Volatile Blastmotes      Fire/Tloc      44%        2d13      5%          3
 Flame Wave               Conj/Fire      33%        2d10      5%          4
 Momentum Strike          Conj/Tloc      24%        3d8       9%          2
 Hailstorm                Conj/Ice       12%        3d5       16%         3
 Freeze                   Ice            4%         1d3       19%         1
 Sting                    Tmut/Pois      4%         1d3       19%         1
 Blink                    Tloc           2%         N/A       26%         2
 Lesser Beckoning         Tloc           2%         N/A       26%         2
 Poisonous Vapours        Pois/Air       2%         N/A       26%         2
 Frozen Ramparts          Ice            2%         1d1       47%         3
 Gell's Gravitas          Tloc           1%         N/A       47%         3
 Teleport Other           Tloc           1%         N/A       47%         3
 Tukima's Dance           Hex            1%         N/A       47%         3
 Olgreb's Toxic Radiance  Pois           1%         N/A       87%         4
 Passage of Golubria      Tloc           1%         N/A       87%         4
 Yara's Violent Unravell  Hex/Tmut       0%         3d3       99%         5
 Dispersal                Tloc           0%         N/A       100%        6


Dungeon Overview and Level Annotations

Branches:
Dungeon (7/15)             Temple (1/1) D:4

Altars:
Ashenzari
Cheibriados
Dithmenos
Elyvilon
Fedhas
Gozag
Hepliaklqana
Makhleb
Nemelex Xobeh
Okawaru
Ru
Sif Muna
Trog
Uskayaw
Vehumet
Wu Jian
Xom
Yredelemnul
Zin
The Shining One

Shops:
D:4 *

Annotations:
D:5 1 runed translucent door, promet's ghost, novice KoBr
D:7 3 runed translucent doors, Demosthentine's ghost, novice DsGl; reriks's ghost, novice TrFi


Message History

The orc shouts!
The orc hits you with a +0 club.
You barely miss the orc. The orc hits you but does no damage.
Your foxfire dissipates!
The orc attacks as you move away! You block the orc's attack.
The foxfire hits the orc.
The orc is heavily wounded.
The orc attacks as you move away! The orc misses you.
The two-headed ogre attacks as you move away!
The two-headed ogre hits you with a +0 dire flail!!
You block the two-headed ogre's attack.
Flames lash the two-headed ogre.
The two-headed ogre is lightly wounded.
The two-headed ogre's fire resistance burns away.
You block the two-headed ogre's attack.
The two-headed ogre hits you with a +0 giant club.
Flames lash the two-headed ogre.
The two-headed ogre is burned terribly!
The two-headed ogre is moderately wounded.
Flames lash the two-headed ogre.
The two-headed ogre is burned terribly!
The two-headed ogre is moderately wounded.
The two-headed ogre hits you with a +0 dire flail.
The two-headed ogre closely misses you.
Flames lash the two-headed ogre.
The two-headed ogre is burned terribly!
The two-headed ogre is heavily wounded.
The two-headed ogre closely misses you. The two-headed ogre misses you.
Flames lash the two-headed ogre.
The two-headed ogre is burned terribly!
The two-headed ogre is severely wounded.
You don't have enough magic to cast this spell.
Magic courses through your body.
The two-headed ogre hits you with a +0 dire flail!
The two-headed ogre hits you with a +0 giant club!
* * * LOW HITPOINT WARNING * * *
You are too injured to fight recklessly!
Casting: Scorch (safe; 1% risk of failure)
Press: ? - help, Q - select action, (/) - cycle Dir - look around, f - activate Flames lash the orc.
The orc is almost dead.
The orc's fire resistance burns away.
The two-headed ogre hits you with a +0 dire flail!!
You die...

#. #...####+ #.##...#....
###.....##⌠..(
........##....
#########.#.##?...
#...o........##8..
#o#######.#.## #[P
#####O# #.#.#
####....@#######.#.#
#..................#
#.##.....#######.########
#.##.....# #.........
#.######.# ##########
#######.# #.# ......#.#
#.############# #.....#
#.##..........# #.....#
#.##..........#


You could see a two-headed ogre (combustible) and an orc (combustible).

Vanquished Creatures
  2 wyverns (D:7)
  Sigmund (D:5)
  2 water moccasins
  2 ogres (D:5)
  A phantom (D:7)
  Blork the orc (D:6)
  A bullfrog (D:6)
  3 scorpions (D:5)
  A howler monkey (D:4)
  A sleepcap (D:6)
  5 hounds
  5 orc priests
  6 iguanas
  5 orc wizards
  7 gnolls
  5 adders
  2 white imps
  An ufetubus (D:5)
  A worm (D:5)
  3 dart slugs
  13 orcs
  2 ball pythons
  6 bats
  7 endoplasms
  4 hobgoblins
  A jackal (D:1)
  5 kobolds
  2 quokkas
  2 frilled lizards
  5 rats
102 creatures vanquished.

Vanquished Creatures (others)
  501 foxfires
501 creatures vanquished.

Grand Total: 603 creatures vanquished

Notes
Turn   | Place    | Note
-------+----------+-------------------------------------------
     0 | D:1      | rabbitsville the Hill Orc Fire Elementalist began the quest
                  | for the Orb.
     0 | D:1      | Reached XP level 1. HP: 14/14 MP: 3/3
   315 | D:1      | Reached skill level 1 in Fighting
   315 | D:1      | Reached XP level 2. HP: 10/23 MP: 1/4
   641 | D:1      | Reached skill level 4 in Fire Magic
   832 | D:1      | Reached XP level 3. HP: 28/28 MP: 3/5
  2074 | D:3      | Reached XP level 4. HP: 36/36 MP: 1/6
  2333 | D:3      | Found a sacrificial altar of Ru.
  2526 | D:4      | Reached skill level 5 in Fire Magic
  2579 | D:4      | Found a staircase to the Ecumenical Temple.
  2586 | Temple   | Entered the Ecumenical Temple
  2640 | Temple   | Became a worshipper of Sif Muna the Loreminder
  2992 | D:4      | Found Genebloly's Assorted Antiques.
  3349 | D:4      | Found an ornate altar of the Wu Jian Council.
  3385 | D:5      | Entered Level 5 of the Dungeon
  3421 | D:5      | Noticed Sigmund
  3425 | D:5      | Noticed a scorpion
  3427 | D:5      | Killed Sigmund
  3428 | D:5      | Reached skill level 6 in Fire Magic
  3428 | D:5      | Reached XP level 5. HP: 46/46 MP: 0/7
  3428 | D:5      | Reached XP level 6. HP: 52/52 MP: 0/8
  3573 | D:5      | Learned a level 2 spell: Scorch
  3759 | D:5      | Reached skill level 7 in Fire Magic
  3978 | D:5      | Found a blossoming altar of Fedhas.
  4068 | D:5      | Reached XP level 7. HP: 56/59 MP: 4/9
  4816 | D:5      | Found a runed translucent door.
  4820 | D:5      | Noticed a two-headed ogre
  4820 | D:5      | Noticed promet's ghost (novice KoBr)
  4915 | D:5      | Reached skill level 8 in Fire Magic
  5095 | D:5      | Identified the +1 robe of the Flute {Dex+3}
  5229 | D:5      | Reached XP level 8. HP: 66/66 MP: 4/10
  5986 | D:6      | Reached skill level 9 in Fire Magic
  6205 | D:6      | Noticed Blork the orc
  6212 | D:6      | Killed Blork the orc
  6271 | D:6      | Reached * piety under Sif Muna
  6863 | D:7      | Noticed a wyvern
  6868 | D:7      | Killed a wyvern
  6869 | D:7      | Reached skill level 10 in Fire Magic
  6902 | D:7      | Reached skill level 5 in Conjurations
  7014 | D:7      | Found a runed translucent gate.
  7014 | D:7      | Found a runed translucent gate.
  7014 | D:7      | Found a runed translucent gate.
  7015 | D:7      | Noticed Demosthentine's ghost (novice DsGl)
  7015 | D:7      | Noticed reriks's ghost (novice TrFi)
  7058 | D:7      | Reached XP level 9. HP: 68/71 MP: 2/11
  7463 | D:7      | Noticed a two-headed ogre
  7590 | D:7      | Reached skill level 11 in Fire Magic
  7797 | D:7      | Demolished by a two-headed ogre

Illustrated notes

Levels and vault maps discovered:
D:1:      dpeg_arrival_rooms_with_view, layout_basic, minmay_heptomino_l4
D:2:      wander_river, layout_loops_ring
D:3:      layout_rooms, nicolae_ru_the_path_less_chosen
D:4:      layout_cave_pools, lemuel_tele_altar, minmay_temple_entry_nine_rooms,
          serial_shops, shop_fountains
D:5:      layout_basic, mainiacjoe_overflow_tiny_flanked, serial_glass,
          glass_columns_a, glass_columns_a, glass_columns_a, glass_columns_a,
          glass_columns_a, glass_columns_b, glass_columns_a, glass_columns_a,
          glass_columns_b, glass_columns_b, ebering_ghost_inner_flame,
          minmay_increasing_density, uniq_sigmund
D:6:      layout_basic, uniq_blork_the_orc
D:7:      layout_basic, gammafunk_ghost_cemetery, uniq_joseph
Temple:   minmay_crystal_spiral_temple

Skill      XL: |  1  2  3  4  5  6  7  8  9 |
---------------+----------------------------+-----
Fighting       | 1 2 3 4 |  4.2
Fire Magic     | 4 6 7 8 10 11 | 11.1
Conjurations   | 3 5 |  5.7
Dodging        | |  1.5
Stealth        | |  1.5
Spellcasting   | |  1.5

Action                     |  1- 3 |  4- 6 |  7- 9 || total
---------------------------+-------+-------+-------++-------
  Melee: Short sword       |     7 |    17 |    15 ||    39
         Unarmed           |     1 |       |       ||     1
         Flail             |       |       |     5 ||     5
   Cast: Foxfire           |    62 |    62 |   172 ||   296
         Scorch            |       |       |    30 ||    30
    Use: Potion            |       |       |     1 ||     1
 Armour: Robe              |     1 |     5 |     8 ||    14
  Dodge: Dodged            |     5 |    18 |    28 ||    51
  Block: Other             |       |       |     9 ||     9

Table legend: (Time is in decaauts)
 A = Elapsed time spent in this place.
 B = Non-inter-level travel time spent in this place.
 C = Inter-level travel time spent in this place.
 D = Time resting spent in this place.
 E = Time spent auto-exploring this place.
 F = Levels seen in this place.
 G = Mean time per level.
                   A        B        C        D        E       F      G
               +--------+--------+--------+--------+--------+-----+--------+
         Total |   7785 |   7433 |    352 |    203 |   6151 |   8 |  973.1 |
       Dungeon |   7501 |   7269 |    232 |    203 |   6012 |   7 | 1071.6 |
        Temple |    284 |    164 |    120 |      0 |    139 |   1 |  284.0 |
               +--------+--------+--------+--------+--------+-----+--------+

Top non-repeatable levels by time:
     D:5: 1906 daAuts
     D:6: 1411 daAuts
     D:1: 1132 daAuts
     D:7: 883 daAuts
     D:4: 800 daAuts
     D:3: 685 daAuts
     D:2: 681 daAuts
  Temple: 284 daAuts
